 Dungeon Crawl Stone Soup version 0.31-a0-232-gb1c03b2570 (webtiles) character file.

Game seed: 7707239983934658809

4623 qw the Skirmisher (level 10, -6/63 HPs)
             Began as a Gargoyle Hexslinger on July 7, 2023.
             Was a Priest of Okawaru.
             Mangled by an unseen horror (8 damage)
             ... on level 7 of the Dungeon.
             The game lasted 00:02:15 (5202 turns).

qw the Skirmisher (Gargoyle Hexslinger)             Turns: 5202, Time: 00:02:15

Health: -6/63      AC: 12    Str: 17    XL:     10   Next: 42%
Magic:  11/13      EV: 21    Int: 13    God:    Okawaru [***...]
Gold:   295        SH:  0    Dex: 28    Spells: 10/11 levels left

rFire   . . .        Y - +1 orcbow (elec)
rCold   . . .        (shield currently unavailable)
rNeg    + . .        j - +3 leather armour
rPois   inf          l - +0 helmet
rElec   +            (no cloak)
rCorr   .            t - +0 pair of gloves
SInv    +            d - +2 pair of boots
Will    .....        (no amulet)
Stlth   +++          g - ring "Urhaveih" {Str+4 Dex+6 SInv}
HPRegen 0.30/turn    b - ring "Efromer" {rElec Dex+6 Slay+3}
MPRegen 0.13/turn

%: no passive effects
@: about to teleport, heroic, corroded
A: sickness immunity, AC +7, negative energy resistance 1, electricity
resistance, torment resistance 1, petrification resistance, hooves 1
a: Renounce Religion, Heroism


You were on level 7 of the Dungeon.
You worshipped Okawaru.
Okawaru was most pleased with you.
You visited 2 branches of the dungeon, and saw 8 of its levels.

You collected 295 gold pieces.


Innate Abilities, Weirdness & Mutations

You are immune to sickness and miasma.
Your stone body is resilient. (AC +7)
You are immune to poison.
You resist negative energy. (rN+)
You are resistant to electric shocks. (rElec)
You are resistant to unholy torment.
You are immune to petrification.
You have large cloven feet.


   Skills:
 - Level 7.5(12.5) Fighting
 - Level 11.4(16.4) Ranged Weapons
 - Level 2.0(7.0) Armour
 + Level 4.8(9.8) Dodging
 - Level 1.0 Spellcasting
 - Level 2.6 Hexes
 - Level 4.1 Invocations


You had 10 spell levels left.
You knew the following spells:

 Your Spells              Type           Power      Damage    Failure   Level
a - Slow                  Hex            28%        N/A       11%         1

Your spell library contained the following spells:

 Spells                   Type           Power      Damage    Failure   Level
 Inner Flame              Hex/Fire       4%         N/A       50%         3
 Portal Projectile        Hex/Tloc       8%         N/A       50%         3
 Cause Fear               Hex            3%         N/A       73%         4

Inventory:

Hand Weapons
 Y - a +1 orcbow of electrocution (weapon)
Armour
 d - a +2 pair of boots (worn)
 j - a +3 leather armour (worn)
 l - a +0 helmet (worn)
 t - a +0 pair of gloves (worn)
Jewellery
 b - the ring "Efromer" (right hand) {rElec Dex+6 Slay+3}
   (You acquired it on level 1 of the Dungeon)

   [ring of dexterity]

   Dex:       It affects your dexterity (+6).
   Slay:      It affects your accuracy & damage with ranged weapons and melee
   (+3).
   rElec:     It insulates you from electricity.
 g - the ring "Urhaveih" (left hand) {Str+4 Dex+6 SInv}
   (You found it on level 6 of the Dungeon)

   [ring of dexterity]

   Str:       It affects your strength (+4).
   Dex:       It affects your dexterity (+6).
   SInv:      It lets you see invisible.
Wands
 i - a wand of digging (7)
Scrolls
 h - a scroll of identify
 m - 2 scrolls of teleportation
Potions
 c - 3 potions of haste
 f - 4 potions of curing
 k - a potion of cancellation
 n - a potion of enlightenment
 p - a potion of might {unknown}
 q - a potion of berserk rage {unknown}
 r - a potion of invisibility {unknown}
 s - 2 potions of mutation
 w - a potion of magic

Dungeon Overview and Level Annotations

Branches:
Dungeon (7/15)             Temple (1/1) D:5

Altars:
Ashenzari
Cheibriados
Dithmenos
Elyvilon
Fedhas
Gozag
Hepliaklqana
Kikubaaqudgha
Makhleb
Nemelex Xobeh
Okawaru
Qazlal
Ru
Sif Muna
Trog
Uskayaw
Vehumet
Wu Jian
Xom
Yredelemnul
Zin
The Shining One

Shops:
D:4 =


Message History

The brown ugly thing trunk-slaps you! The acid corrodes you!
You are splashed with acid.
You shoot an arrow. The arrow hits the brown ugly thing!
The brown ugly thing is severely wounded.
You feel like a meek peon again.
5193 ||| INVOKING Heroism.
You gain the combat prowess of a mighty hero.
The brown ugly thing barely misses you.
You shoot an arrow.
The arrow closely misses the brown ugly thing.
The brown ugly thing barely misses you.
You shoot an arrow. The arrow hits the brown ugly thing!!
Lightning courses through the brown ugly thing!
You kill the brown ugly thing!
Okawaru is honoured by your kill.
Okawaru will now gift you throwing weapons as you gain piety.
You shoot an arrow. The arrow hits the troll!
The troll is moderately wounded.
You shoot an arrow.
The arrow hits the troll but does no damage.
The troll is moderately wounded.
The troll barely misses you. x2; The troll claws you but does no damage.
You shoot an arrow. The arrow hits the troll!
The troll is heavily wounded.
The troll bites you! The troll closely misses you. The troll misses you.
5199 ||| READING 3 scrolls of teleportation.
As you read the scroll of teleportation, it crumbles to dust.
You feel strangely unstable. The troll bites you.
The troll closely misses you. x2
You shoot an arrow. The arrow hits the troll!
The troll is severely wounded.
The troll bites you but does no damage. The troll claws you!
The troll misses you.
You shoot an arrow. The arrow hits the troll.
The troll is severely wounded.
You shoot an arrow. The arrow hits the troll!
You kill the troll!
Okawaru accepts your kill. The unseen horror hits you!
You die...

).........#.......#.........##..#
.........##.......##..##........#
..)......#...(.....#..#........##
........##.........##.........##
..>....##.#########.##....#..##
......##.. #..#.....<..# ......#
########.##......## ......#
#..x#..'#.#....#.# .).#.##
#@####.##..%### .#...#
#)#)##...#...# .##.## ##
###...##..# .. #..#..#..#
##.#.#.##.## #...#...#..#
##..#.#..##.# #..#.#.#..#.#
#.........#.#


You could see an unseen horror (invisible).

Vanquished Creatures
  A two-headed ogre (D:7)
  An ugly thing (D:7)
  A kobold demonologist (D:7)
  3 trolls (D:7)
  A slime creature (D:7)
  A steam dragon (D:6)
  3 water moccasins
  2 black bears (D:7)
  An ice beast (D:6)
  3 ogres (D:5)
  A sky beast (D:7)
  A centaur (D:5)
  2 phantoms
  2 kobold brigands (D:7)
  4 bullfrogs
  4 wights (D:4)
  3 howler monkeys
  4 hounds
  2 orc priests
  2 sleepcaps
  An iguana (D:5)
  Ijyb (D:3)
  Natasha (D:3)
  5 orc wizards
  Robin (D:3)
  10 gnolls
  6 adders
  A shadow imp (D:6)
  24 orcs
  4 bats
  12 endoplasms
  7 giant cockroaches
  17 goblins
  14 hobgoblins
  17 kobolds
  8 quokkas
  8 ball pythons
  2 frilled lizards
  2 rats
183 creatures vanquished.

Notes
Turn   | Place    | Note
-------+----------+-------------------------------------------
     0 | D:1      | qw the Gargoyle Hexslinger began the quest for the Orb.
     0 | D:1      | Reached XP level 1. HP: 12/12 MP: 2/2
     0 | D:1      | 0 ||| qw: Version: 0.3-a-46-gb1f654a
     0 | D:1      | 0 ||| qw: Game counter: 2170
     0 | D:1      | 0 ||| qw: Melee chars always use a shield: true
     0 | D:1      | 0 ||| qw: God list: Okawaru
     0 | D:1      | 0 ||| qw: Allow faded altars: false
     0 | D:1      | 0 ||| qw: Do Orc after clearing Dungeon:15 true
     0 | D:1      | 0 ||| qw: Do second Lair branch before Depths: true
     0 | D:1      | 0 ||| qw: Lair rune preference: random
     0 | D:1      | 0 ||| qw: Goals: Normal
     0 | D:1      | 0 ||| PLANNING D:1-11
    68 | D:1      | Reached XP level 2. HP: 16/16 MP: 3/3
   210 | D:1      | Reached skill level 3 in Ranged Weapons
   251 | D:1      | Reached XP level 3. HP: 21/21 MP: 4/4
   303 | D:1      | 303 ||| SWAPPING to +0 orcbow.
   306 | D:1      | 306 ||| DROPPING +1 sling.
   365 | D:1      | Found a faded altar of an unknown god.
   382 | D:1      | 382 ||| UPGRADING to +0 leather armour.
   390 | D:1      | 390 ||| UPGRADING to +0 robe.
   395 | D:1      | 395 ||| UPGRADING to +0 leather armour.
   405 | D:1      | 405 ||| DROPPING +0 robe.
   406 | D:1      | 406 ||| UPGRADING to +0 ring mail.
   416 | D:1      | 416 ||| DROPPING +0 leather armour.
   674 | D:1      | 674 ||| READING scroll labelled KOADOS EDWA.
   675 | D:1      | 675 ||| READING scroll labelled NEITI SEOSOF.
   675 | D:1      | Identified a scroll of acquirement
   675 | D:1      | 675 ||| ACQUIRING ring "Efromer" {rElec Dex+6 Slay+3}
   675 | D:1      | Acquired the ring "Efromer" {rElec Dex+6 Slay+3}
   677 | D:1      | 677 ||| UPGRADING to ring "Efromer" {rElec Dex+6 Slay+3}.
   678 | D:1      | 678 ||| READING scroll labelled XILOGGANNEJIH.
   679 | D:1      | 679 ||| READING scroll labelled RIGOON IVAL.
   680 | D:1      | 680 ||| READING scroll labelled ZUIFFIHE LERORR.
   684 | D:1      | 684 ||| DROPPING scroll of poison.
   906 | D:2      | Reached XP level 4. HP: 23/26 MP: 5/5
  1120 | D:2      | Reached skill level 4 in Ranged Weapons
  1305 | D:2      | Reached skill level 1 in Armour
  1497 | D:2      | 1497 ||| UPGRADING to +0 pair of boots.
  1502 | D:2      | 1502 ||| UPGRADING to ring of willpower.
  1503 | D:2      | 1503 ||| READING 3 scrolls labelled IGRO KESUNI.
  1504 | D:2      | 1504 ||| READING 2 scrolls of enchant armour.
  1504 | D:2      | 1504 ||| ENCHANTING +0 pair of boots.
  1505 | D:2      | 1505 ||| READING scroll of enchant armour.
  1505 | D:2      | 1505 ||| ENCHANTING +1 pair of boots.
  1629 | D:3      | Reached XP level 5. HP: 30/30 MP: 6/6
  1730 | D:3      | Noticed Ijyb
  1734 | D:3      | Killed Ijyb
  1810 | D:3      | Found a stormy altar of Qazlal.
  1810 | D:3      | Noticed Robin
  1811 | D:3      | 1811 ||| READING scroll labelled DAYZEA ERIXZORPH.
  1812 | D:3      | 1812 ||| READING 3 scrolls of identify.
  1812 | D:3      | 1812 ||| IDENTIFYING white potion
  1813 | D:3      | 1813 ||| READING 2 scrolls of identify.
  1813 | D:3      | 1813 ||| IDENTIFYING amethyst potion
  1830 | D:3      | Reached skill level 5 in Ranged Weapons
  1835 | D:3      | Killed Robin
  2163 | D:3      | Noticed Natasha
  2165 | D:3      | Killed Natasha
  2166 | D:3      | Reached skill level 3 in Fighting
  2353 | D:3      | 2353 ||| UPGRADING to +0 helmet.
  2372 | D:4      | 2372 ||| FLEEEEING.
  2373 | D:4      | 2373 ||| FLEEEEING.
  2374 | D:4      | 2374 ||| STAIRDANCE
  2389 | D:4      | 2389 ||| STAIRDANCE
  2393 | D:3      | Reached XP level 6. HP: 22/37 MP: 7/7
  2519 | D:4      | Reached skill level 6 in Ranged Weapons
  2527 | D:4      | Reached XP level 7. HP: 36/43 MP: 8/8
  2568 | D:4      | Reached skill level 7 in Ranged Weapons
  2694 | D:4      | Found Onuegyr's Jewellery Shoppe.
  2700 | D:4      | 2700 ||| SHOPLISTING +5 ring of evasion (396 gold, have
                  | 185).
  2700 | D:4      | 2700 ||| SHOPLISTING +6 ring of strength (396 gold, have
                  | 185).
  2700 | D:4      | 2700 ||| SHOPLISTING amulet of faith (440 gold, have 185).
  2700 | D:4      | 2700 ||| SHOPLISTING ring "Epsapiof" {rElec AC+4} (550
                  | gold, have 185).
  2700 | D:4      | 2700 ||| SHOPLISTING ring of ice (275 gold, have 185).
  2700 | D:4      | 2700 ||| SHOPLISTING ring of protection from cold (275
                  | gold, have 185).
  2700 | D:4      | 2700 ||| SHOPLISTING ring of protection from fire (275
                  | gold, have 185).
  2739 | D:4      | HP: 10/43 [gnoll/+0 spear (6)]
  2740 | D:4      | 2740 ||| READING 2 scrolls of teleportation.
  2773 | D:4      | 2773 ||| FLEEEEING.
  2776 | D:4      | 2776 ||| FLEEEEING.
  2777 | D:4      | 2777 ||| FLEEEEING.
  2778 | D:4      | 2778 ||| FLEEEEING.
  2779 | D:4      | 2779 ||| FLEEEEING.
  2780 | D:4      | 2780 ||| FLEEEEING.
  2781 | D:4      | 2781 ||| FLEEEEING.
  2782 | D:4      | 2782 ||| FLEEEEING.
  2783 | D:4      | 2783 ||| FLEEEEING.
  2784 | D:4      | 2784 ||| STAIRDANCE
  3253 | D:5      | Entered Level 5 of the Dungeon
  3273 | D:5      | Reached skill level 8 in Ranged Weapons
  3273 | D:5      | Reached XP level 8. HP: 48/48 MP: 9/9
  3289 | D:5      | 3289 ||| FLEEEEING.
  3290 | D:5      | 3290 ||| FLEEEEING.
  3291 | D:5      | 3291 ||| FLEEEEING.
  3436 | D:5      | Found a staircase to the Ecumenical Temple.
  3437 | D:5      | 3437 ||| PLANNING TEMPLE
  3448 | Temple   | Entered the Ecumenical Temple
  3479 | Temple   | 3479 ||| PLANNING OKAWARU WORSHIP
  3845 | Temple   | Became a worshipper of Warmaster Okawaru
  3846 | Temple   | 3846 ||| PLANNING D:1-11
  3892 | D:5      | Found a sacrificial altar of Ru.
  4223 | D:5      | 4223 ||| DRINKING 2 cyan potions.
  4224 | D:5      | 4224 ||| DRINKING 2 potions of curing.
  4224 | D:5      | 4224 ||| (to cure confusion)
  4225 | D:5      | 4225 ||| DRINKING 3 murky black potions.
  4225 | D:5      | Gained mutation: You have large cloven feet. [potion of
                  | mutation]
  4225 | D:5      | Gained mutation: You are weak. (Str -2) [potion of
                  | mutation]
  4225 | D:5      | Lost mutation: You are weak. (Str -2) [potion of mutation]
  4226 | D:5      | 4226 ||| READING 5 scrolls of identify.
  4226 | D:5      | 4226 ||| IDENTIFYING bubbling dark potion
  4227 | D:5      | 4227 ||| READING 4 scrolls of identify.
  4227 | D:5      | 4227 ||| IDENTIFYING purple potion
  4228 | D:5      | 4228 ||| READING 3 scrolls of identify.
  4228 | D:5      | 4228 ||| IDENTIFYING puce potion
  4229 | D:5      | 4229 ||| READING 2 scrolls of identify.
  4229 | D:5      | 4229 ||| IDENTIFYING grey potion
  4230 | D:5      | 4230 ||| DROPPING potion of degeneration.
  4231 | D:5      | 4231 ||| DROPPING potion of attraction.
  4232 | D:5      | 4232 ||| DROPPING potion of ambrosia.
  4289 | D:6      | Identified the ring "Urhaveih" {Str+4 Dex+6 SInv}
  4308 | D:6      | Reached skill level 9 in Ranged Weapons
  4346 | D:6      | Reached skill level 6 in Fighting
  4453 | D:6      | Identified the +9 whip of the Realm of Zot {protect, rF+++
                  | Str+5}
  4530 | D:6      | Reached * piety under Okawaru
  4531 | D:6      | Reached XP level 9. HP: 56/56 MP: 10/10
  4578 | D:6      | 4578 ||| INVOKING Heroism.
  4790 | D:6      | 4790 ||| UPGRADING to +3 leather armour.
  4800 | D:6      | 4800 ||| DROPPING +0 ring mail.
  4801 | D:6      | 4801 ||| UPGRADING to +0 pair of gloves.
  4806 | D:6      | 4806 ||| UPGRADING to ring "Urhaveih" {Str+4 Dex+6 SInv}.
  4808 | D:6      | 4808 ||| DROPPING ring of fire.
  4809 | D:6      | 4809 ||| UPGRADING to ring "Efromer" {rElec Dex+6 Slay+3}.
  4811 | D:6      | 4811 ||| DROPPING ring of willpower.
  4812 | D:6      | 4812 ||| READING scroll labelled ZUFROY AVEIMP.
  4813 | D:6      | 4813 ||| DRINKING 2 fizzy yellow potions.
  4814 | D:6      | 4814 ||| READING 2 scrolls of identify.
  4814 | D:6      | 4814 ||| IDENTIFYING brown potion
  4815 | D:6      | 4815 ||| DROPPING potion of brilliance.
  4848 | D:7      | Reached skill level 3 in Dodging
  4851 | D:7      | Reached skill level 1 in Invocations
  4900 | D:7      | 4900 ||| INVOKING Heroism.
  5001 | D:7      | 5001 ||| FLEEEEING.
  5002 | D:7      | 5002 ||| FLEEEEING.
  5009 | D:7      | Reached skill level 3 in Invocations
  5020 | D:7      | 5020 ||| INVOKING Heroism.
  5093 | D:7      | Reached skill level 10 in Ranged Weapons
  5167 | D:7      | Noticed a troll
  5168 | D:7      | 5168 ||| INVOKING Heroism.
  5170 | D:7      | Noticed a troll
  5170 | D:7      | Noticed a troll
  5172 | D:7      | Killed a troll
  5175 | D:7      | Noticed a two-headed ogre
  5176 | D:7      | Noticed a brown ugly thing
  5179 | D:7      | Killed a troll
  5179 | D:7      | Reached ** piety under Okawaru
  5179 | D:7      | Identified the ring "Feyres" {+Blink rF+ rN+ MP+9 Dex-4}
  5179 | D:7      | Noticed a kobold demonologist
  5180 | D:7      | Reached XP level 10. HP: 54/63 MP: 11/13
  5184 | D:7      | Noticed an unseen horror
  5185 | D:7      | Killed a kobold demonologist
  5189 | D:7      | Killed a two-headed ogre
  5190 | D:7      | Reached skill level 11 in Ranged Weapons
  5193 | D:7      | 5193 ||| INVOKING Heroism.
  5195 | D:7      | Killed a brown ugly thing
  5195 | D:7      | Reached *** piety under Okawaru
  5198 | D:7      | HP: 14/63 [troll (15)]
  5199 | D:7      | 5199 ||| READING 3 scrolls of teleportation.
  5200 | D:7      | HP: 1/63 [troll (10)]
  5202 | D:7      | Mangled by an unseen horror

Levels and vault maps discovered:
D:1:      reono_arrival_forest_river, layout_basic,
          dreamdust_ecumenical_altar_grove, minmay_parallelograms
D:2:      layout_loops_ring, minmay_misc_feat_doors, bh_walls_and_bars,
          uniq_crazy_yiuf_cottage
D:3:      layout_loops_corners, amcnicky_altar_gilded,
          nicolae_figureground_pulse, uniq_robin, uniq_ijyb, uniq_natasha
D:4:      layout_loops_cross, serial_shops, nicolae_shop_just_a_little_nook
D:5:      layout_cave_pools, nicolae_ru_awakened_eye,
          minmay_temple_entry_glassed_door
D:6:      layout_rooms, nicolae_benzene_ring
D:7:      minmay_the_grid_triangle_9x9_recursive_2
          [minmay_the_grid_triangle_9x9_prize_special,
          minmay_the_grid_triangle_9x9_thin_v,
          minmay_the_grid_triangle_9x9_limited_checkers,
          minmay_the_grid_triangle_9x9_empty], layout_cave_pools
Temple:   mainiacjoe_temple_big_plus

Skill      XL: |  1  2  3  4  5  6  7  8  9 10 |
---------------+-------------------------------+-----
Ranged Weapons | 3 4 5 6 8 9 10 11 | 11.4
Fighting       | 2 3 4 6 7 |  7.5
Armour         | 1 2 |  2.0
Dodging        | 2 4 |  4.8
Invocations    | 4 |  4.1
Spellcasting   | |  1.0
Hexes          | |  2.6

Action                     |  1- 3 |  4- 6 |  7- 9 | 10-12 || total
---------------------------+-------+-------+-------+-------++-------
   Fire: Sling             |    65 |       |       |       ||    65
         Orcbow            |    45 |   113 |   220 |    21 ||   399
 Invoke: Heroism           |       |       |     4 |     1 ||     5
    Use: Scroll            |     5 |     6 |     7 |     1 ||    19
         Potion            |       |       |     4 |       ||     4
 Armour: Robe              |     9 |       |       |       ||     9
         Ring mail         |     8 |    66 |    42 |       ||   116
         Skin              |     1 |       |       |       ||     1
         Leather armour    |       |       |    17 |     6 ||    23
  Dodge: Dodged            |    49 |    63 |   102 |    21 ||   235

Table legend:
 A = Non-vault XP
 B = Vault XP
 C = Vault XP percentage of total XP
 D = Non-vault monster count
 E = Vault monster count
 F = Vault count percentage of total count
                 A         B        C        D         E       F
            +---------+---------+-------+---------+---------+-------
      Total |    3545 |    3356 |  48.6 |     160 |      23 |  12.6
            +---------+---------+-------+---------+---------+-------
        D:1 |      50 |       0 |   0.0 |      28 |       0 |   0.0
        D:2 |      76 |       0 |   0.0 |      25 |       0 |   0.0
        D:3 |      90 |     104 |  53.6 |      17 |      13 |  43.3
        D:4 |     662 |       0 |   0.0 |      31 |       0 |   0.0
        D:5 |     865 |       0 |   0.0 |      15 |       0 |   0.0
        D:6 |     857 |       0 |   0.0 |      11 |       0 |   0.0
        D:7 |     945 |    3252 |  77.5 |      33 |      10 |  23.3
            +---------+---------+-------+---------+---------+-------
